 Dungeon Crawl Stone Soup version 0.29-a0-653-gd47aff6735 (webtiles) character file.

Game seed: 463059705299703939

60 ytrimaz the Covered (level 3, -2/27 HPs)
             Began as a Demonspawn Gladiator on June 21, 2022.
             Slain by Robin
             ... wielding a +0 spear
              (3 damage)
             ... on level 2 of the Dungeon.
             The game lasted 00:03:30 (1566 turns).

ytrimaz the Covered (Demonspawn Gladiator)          Turns: 1566, Time: 00:03:31

Health: -2/27      AC:  4    Str: 16    XL:     3   Next: 80%
Magic:  3/3        EV: 12    Int:  9    God:
Gold:   31         SH:  4    Dex: 14    Spells: 2/2 levels left

rFire   . . .      SeeInvis .   (no weapon)
rCold   . . .      Faith    .   (no shield)
rNeg    . . .      Spirit   .   b - +0 leather armour
rPois   .          Reflect  .   c - +0 helmet
rElec   .          Harm     .   (no cloak)
rCorr   .          Rampage  .   (no gloves)
Will    .....                   (no boots)
Stlth   +.........              (no amulet)
HPRegen 0.09/turn               (no ring)
MPRegen 0.08/turn               (no ring)

@: hasted (expiring), very quick
A: condensation shield, demonic touch 1
a: no special abilities


You were on level 2 of the Dungeon.
You visited 1 branch of the dungeon, and saw 2 of its levels.

You collected 31 gold pieces.

Inventory:

Missiles
 d - 3 throwing nets (quivered)
 e - a javelin
Armour
 b - a +0 leather armour (worn)
 c - a +0 helmet (worn)
Jewellery
 a - a ring of fire
Scrolls
 f - a scroll of magic mapping
 h - a scroll of fear
 j - a scroll of enchant armour
Potions
 k - a potion of brilliance


   Skills:
 - Level 2.0 Fighting
 - Level 2.6 Short Blades
 - Level 1.7 Throwing
 + Level 2.9 Armour
 - Level 2.6 Dodging
 + Level 0.3 Shields
 - Level 0.5 Unarmed Combat


You had 2 spell levels left.
You didn't know any spells.
Your spell library was empty.

Dungeon Overview and Level Annotations

Branches:
Dungeon (2/15)

Altars:

Shops:
D:1 *

Annotations:
D:2 Robin


Innate Abilities, Weirdness & Mutations

A meltable shield of frost defends you. (SH +4)
Your touch may inflict minor irresistible damage on your foes.


Message History

The goblin hits you with a +0 dagger.
You hit the hobgoblin but do no damage.
You touch the hobgoblin.
You kill the hobgoblin!
Robin hits you from afar with a +0 spear.
The goblin misses you.
You are too injured to fight recklessly!
You closely miss the goblin. Your touch misses the goblin.
You block the goblin's attack. The goblin hits you with a +0 dagger.
* * * LOW HITPOINT WARNING * * *
You are too injured to fight recklessly!
You barely miss the goblin.
Your extra speed is starting to run out.
You hit the goblin but do no damage. Robin barely misses you.
You block the goblin's attack. The goblin hits you with a +0 dagger.
* * * LOW HITPOINT WARNING * * *
You are too injured to fight recklessly!
You closely miss the goblin.
You touch the goblin.
You kill the goblin!
Robin hits you from afar with a +0 spear.
* * * LOW HITPOINT WARNING * * *
The goblin barely misses you.
Unknown command.
You feel better. Robin hits you with a +0 spear.
* * * LOW HITPOINT WARNING * * *
The goblin unwields a +0 dagger.
The goblin wields a +0 hunting sling.
The goblin shoots a sling bullet.
The sling bullet hits you.
* * * LOW HITPOINT WARNING * * *
You see here a +1 dagger of protection.
You hit Robin but do no damage.
You touch Robin!
Robin is heavily wounded.
Robin barely misses you.
The goblin shoots a sling bullet.
The sling bullet hits you.
* * * LOW HITPOINT WARNING * * *
You hit Robin. Your touch misses Robin.
Robin is severely wounded.
You hit Robin.
Robin is severely wounded.
Robin hits you with a +0 spear.
You die...

#..# ###..# ....#
#...# ..[ ..##### #.#
.
..g....##.########....
#))))g@.g.)......
####).#####.#.... #..#
# . #..# #<.# #..#
#÷.# ##÷## ###÷.##


You could see Robin and a goblin (strong).

Vanquished Creatures
  A dart slug (D:1)
  4 ball pythons (D:1)
  4 bats (D:1)
  3 endoplasms (D:1)
  12 goblins
  3 hobgoblins
  3 kobolds (D:1)
  2 quokkas
  6 frilled lizards
  23 rats
61 creatures vanquished.

Notes
Turn   | Place    | Note
-------+----------+-------------------------------------------
     0 | D:1      | ytrimaz the Demonspawn Gladiator began the quest for the
                  | Orb.
     0 | D:1      | Reached XP level 1. HP: 16/16 MP: 1/1
   142 | D:1      | Reached skill level 1 in Armour
   307 | D:1      | Gained mutation: Your touch may inflict minor irresistible
                  | damage on your foes. [demonic ancestry]
   307 | D:1      | Reached XP level 2. HP: 14/22 MP: 2/2
  1079 | D:1      | Gained mutation: A meltable shield of frost defends you.
                  | (SH +4) [demonic ancestry]
  1079 | D:1      | Reached XP level 3. HP: 27/27 MP: 3/3
  1121 | D:1      | Found Vealail's General Store.
  1505 | D:2      | Noticed Robin
  1561 | D:2      | HP: 1/27 [Robin/+0 spear (1)]
  1566 | D:2      | Slain by Robin

Illustrated notes

Levels and vault maps discovered:
D:1:      psy_arrival_statuary, layout_loops_ring, serial_shops,
          nicolae_shop_advertising_works [nicolae_subvault_shop_adworks]
D:2:      layout_loops_ring, minmay_rat_hole, uniq_jessica, uniq_natasha,
          uniq_robin, uniq_sigmund

Skill      XL: |  1  2 |
---------------+-------+-----
Armour         | 1 2 |  2.9
Fighting       | |  2.0
Short Blades   | |  2.6
Throwing       | |  1.7
Dodging        | |  2.6
Shields        | |  0.3
Unarmed Combat | |  0.5

Action                   || total
-------------------------++-------
Melee: Rapier            ||    35
       Unarmed           ||   155
       Touch             ||    28
       Punch             ||     2
  Use: Scroll            ||     6
       Potion            ||     6
Armor: Leather armour    ||    79
Dodge: Dodged            ||   135
Block: Other             ||    16

Table legend: (Time is in decaauts)
 A = Elapsed time spent in this place.
 B = Non-inter-level travel time spent in this place.
 C = Inter-level travel time spent in this place.
 D = Time resting spent in this place.
 E = Time spent auto-exploring this place.
 F = Levels seen in this place.
 G = Mean time per level.
                   A        B        C        D        E       F      G
               +--------+--------+--------+--------+--------+-----+--------+
         Total |   1549 |   1505 |     44 |    170 |    941 |   2 |  774.5 |
       Dungeon |   1549 |   1505 |     44 |    170 |    941 |   2 |  774.5 |
               +--------+--------+--------+--------+--------+-----+--------+

Top non-repeatable levels by time:
     D:1: 1260 daAuts
     D:2: 289 daAuts
